 Dungeon Crawl Stone Soup version 0.25.0-11-g1f837a76a1 (webtiles) character file.

Game seed: 15444503611193159567

358226 Patate the Conqueror (level 22, -1/169 HPs)
             Began as a Gargoyle Berserker on June 23, 2020.
             Was the Champion of Trog.
             Hit by a large rock thrown by a stone giant (7 damage)
             ... on level 5 of the Vaults on June 25, 2020.
             The game lasted 02:25:33 (52660 turns).

Patate the Conqueror (Gargoyle Berserker)          Turns: 52660, Time: 02:25:33

Health: -1/169     AC: 43    Str: 29    XL:     22   Next: 38%
Magic:  22/22      EV: 17    Int: 10    God:    Trog [******]
Gold:   2142       SH:  0    Dex: 21    Spells: 21/21 levels left

rFire    + . .     SeeInvis .   F - +6 dire flail of the Dead {flame, *Drain rC++ Dex+3}
rCold    + + +     Gourm    .   (shield currently unavailable)
rNeg     + + .     Faith    .   H - +2 plate armour {MR+}
rPois    ∞         Spirit   .   f - +0 helmet
rElec    +         Reflect  .   k - +2 cloak
rCorr    +         Harm     .   m - +0 pair of gloves
MR       +++++                  a - +1 pair of boots of Truth {+Blink}
Stlth    ..........             T - amulet "Hero's Friend" {MR+ Regen+ Str+3 Dex+2 Slay+2}
HPRegen  1.78/turn              P - ring of Incredulity {rF+ Dex+4}
MPRegen  0.18/turn              t - ring of Wauprellos {+Blink rC+ rN+ rCorr}

@: very slightly contaminated, regenerating
A: big wings, negative energy resistance 1, electricity resistance, unbreathing,
petrification resistance, rot immunity, AC +16
}: 2/15 runes: serpentine, barnacled
a: Fly, Berserk, Trog's Hand, Brothers in Arms, Renounce Religion, Evoke Blink


You were on level 5 of the Vaults.
You worshipped Trog.
Trog was exalted by your worship.
You were not hungry.

You visited 8 branches of the dungeon, and saw 40 of its levels.
You also visited: Ice Cave.

You collected 4470 gold pieces.
You spent 2328 gold pieces at shops.

Inventory:

Hand Weapons
 p - a +3 demon whip of flaming
 F - the +6 dire flail of the Dead (weapon) {flame, *Drain rC++ Dex+3}
   (Trog gifted it to you on level 6 of the Lair of Beasts)

   It has been specially enchanted to burn those struck by it, causing extra
   injury to most foes and up to half again as much damage against particularly
   susceptible opponents.
   It affects your dexterity (+3).
   It greatly protects you from cold.
   It causes draining when unequipped.
Missiles
 w - 137 boomerangs
 G - 2 throwing nets
 I - 13 silver boomerangs
 J - 4 boomerangs of dispersal
 Y - 32 silver javelins (quivered)
 Z - 3 javelins
Armour
 a - the +1 pair of boots of Truth (worn) {+Blink}
   (You acquired it on level 7 of the Dungeon)

   It lets you blink.
 f - a +0 helmet (worn)
 g - a +2 kite shield
 k - a +2 cloak (worn)
 m - a +0 pair of gloves (worn)
 H - a +2 plate armour of magic resistance (worn)
Jewellery
 n - an uncursed ring of see invisible
 t - the ring of Wauprellos (right hand) {+Blink rC+ rN+ rCorr}
   (You acquired it on level 13 of the Dungeon)

   [ring of resist corrosion]

   It protects you from cold.
   It protects you from negative energy.
   It lets you blink.
   It provides partial protection from all sources of acid and corrosion.
 P - the ring of Incredulity (left hand) {rF+ Dex+4}
   (You acquired it on level 4 of the Vaults)

   [ring of dexterity]

   It affects your dexterity (+4).
   It protects you from fire.
 T - the amulet "Hero's Friend" (around neck) {MR+ Regen+ Str+3 Dex+2 Slay+2}
   (You bought it in a shop on level 3 of the Snake Pit)

   [amulet of regeneration]

   It affects your strength (+3).
   It affects your dexterity (+2).
   It affects your accuracy and damage with ranged weapons and melee attacks
   (+2).
   It affects your resistance to hostile enchantments.
   It increases your rate of regeneration.
Wands
 l - a wand of digging (19)
 v - a wand of acid (25)
 x - a wand of iceblast (26)
 y - a wand of disintegration (53)
 z - a wand of flame (19)
 C - a wand of paralysis (37)
 M - a wand of clouds (4)
Scrolls
 q - 8 scrolls of teleportation
 s - 12 scrolls of remove curse
 A - 9 scrolls of fog
 B - 3 scrolls of holy word
 D - 5 scrolls of enchant armour
 L - 2 scrolls of fear
 O - 5 scrolls of enchant weapon
 Q - 8 scrolls of identify
 S - 2 scrolls of blinking
 V - a scroll of silence
Potions
 b - 3 potions of mutation
 d - 8 potions of might
 e - 6 potions of resistance
 h - 12 potions of curing
 o - 6 potions of cancellation
 r - 4 potions of berserk rage
 E - 4 potions of haste
 K - 2 potions of invisibility
Comestibles
 c - 43 rations
 i - 3 chunks of flesh


   Skills:
 O Level 27 Fighting
 - Level 14.0 Maces & Flails
 + Level 15.9 Throwing
 - Level 12.2 Armour
 - Level 12.0 Dodging


You had 21 spell levels left.
You didn't know any spells.
Your spell library was empty.

Dungeon Overview and Level Annotations

Branches:
Dungeon (15/15)            Temple (1/1) D:5            Lair (6/6) D:10
 Shoals (4/4) Lair:2        Snake (4/4) Lair:3        Slime (0/5) Lair:6
    Orc (2/2) D:10            Elf (3/3) Orc:2        Vaults (5/5) D:13
  Crypt (0/3) Vaults:2     Depths (0/5) D:15          IceCv (visited)

Altars:
Ashenzari
Cheibriados
Dithmenos
Elyvilon
Fedhas
Gozag
Hepliaklqana
Kikubaaqudgha
Makhleb
Nemelex Xobeh
Okawaru
Qazlal
Ru
Sif Muna
Trog
Uskayaw
Vehumet
Wu Jian
Xom
Yredelemnul
Zin
The Shining One
Beogh

Shops:
D:7 ?   D:8 *   Orc:2 (?!?   Shoals:1 [   Snake:1 (   Snake:3 }%=}:
Vaults:1 *

Annotations:
D:3 1 runed translucent door, HoaS's ghost, amateur GrGl
D:6 1 runed translucent door, Skimidon's ghost, novice MiBe
D:13 1 runed translucent door
D:15 2 transporters, ZLogic's ghost, journeyman SpEn
Lair:3 2 transporters, vogonpoet's ghost, adept SpEn
Shoals:3 1 runed translucent door, coffeespoons's ghost, adept GrMo
Snake:3 1 runed translucent door, Akuuror's ghost, adept GrFi


Innate Abilities, Weirdness & Mutations

You are resistant to torment.
Your stone body is resilient. (AC +16)
You are immune to poison.
Your large and strong wings let you fly indefinitely.
You resist negative energy. (rN+)
You are resistant to electric shocks. (rElec)
You can survive without breathing.
You are immune to petrification.
You are immune to rotting.


Message History

* * * LOW HITPOINT WARNING * * *
Okay, then.
As you read the scroll of fog, it crumbles to dust.
The scroll dissolves into smoke.
The vault warden hits you with a +5 long sword of protection!
* * * LOW HITPOINT WARNING * * *
Okay, then.
You barely miss the vault warden. The ettin hits you but does no damage.
The ettin closely misses you.
The vault warden hits you but does no damage.
You barely miss the vault warden.
The titan waves its arms in wide circles.
The air twists around and strikes you!!
* * * LOW HITPOINT WARNING * * *
Okay, then.
Blink to where?
Press: ? - help, Dir - move target cursor, p - vault warden
As you read the scroll of blinking, it crumbles to dust.
The stone giant throws a large rock.
The large rock hits you!
You die...

########################
.......((..)§§p§§.......
......(.(O.§C§C§@..C....
.#........##############
.....(..).....#
##.#...)#)....#
........#c.#.....
...#....#C.#C...# ..
#....#p.e #..#
#..$.#.uC. ...
#....#..... #.


You could see a stone giant, a vault warden and an ettin.

Vanquished Creatures
  A lich (Vaults:3)
  Jorgrun (Elf:2)
  A deep elf blademaster (Elf:2)
  Polyphemus (Shoals:3)
  3 sphinxes (Vaults:3)
  Frances (Elf:1)
  A tengu reaver (Vaults:4)
  Roxanne (Elf:1)
  A shadow dragon (Vaults:3)
  9 nagarajas
  A deep elf sorcerer (Elf:1)
  A frost giant (Vaults:3)
  3 fire giants
  11 vault wardens
  Louise (Shoals:3)
  An orc warlord (Orc:2)
  A ghoul (Vaults:2)
  A war gargoyle (Vaults:5)
  Aizul (Snake:1)
  12 ironheart preservers
  5 stone giants
  A reaper (IceCv)
  An entropy weaver (shapeshifter) (D:15)
  A deep elf demonologist (Vaults:2)
  4 dire elephants (Lair:6)
  4 ettins
  2 merfolk javelineers
  An eidolon (Vaults:2)
  Josephine (Lair:5)
  4 yaktaur captains
  2 fire dragons
  2 rakshasas (Vaults:2)
  4 great orbs of eyes
  Erolcha (D:11)
  5 merfolk impalers
  A peacekeeper (Vaults:4)
  3 hydras
  24 vault guards
  An ice dragon (Vaults:2)
  A death knight (Vaults:3)
  12 ogre magi
  18 naga warriors
  5 merfolk avatars
  8 centaur warriors
  11 anacondas
  2 satyrs
  48 two-headed ogres
  3 death yaks (Shoals:3)
  A catoblepas (Shoals:3)
  Erica (D:11)
  2 alligator snapping turtles (Shoals:3)
  3 merfolk aquamancers
  A deep troll shaman (Vaults:4)
  21 dancing weapons
  A tengu warrior (D:15)
  4 orc high priests (Orc:2)
  A deep troll earth mage (Vaults:4)
  5 shock serpents
  9 naga sharpshooters
  A hell knight (D:15)
  15 deep elf knights
  6 skeletal warriors
  A glowing orange brain (Vaults:4)
  5 salamander mystics
  3 deep trolls (Vaults:4)
  6 unseen horrors
  5 wizards
  9 naga ritualists
  14 orc knights
  Pikel (D:5)
  13 deep elf archers
  13 sea snakes
  2 flayed ghosts
  A kraken simulacrum (Shoals:4)
  14 ironbrand convokers
  5 wolf spiders
  7 mana vipers
  An orb spider (shapeshifter) (Vaults:3)
  5 orc sorcerers
  13 harpies
  44 deep elf magi
  9 salamanders
  12 ugly things
  9 fauns
  A cyclops (shapeshifter) (Vaults:5)
  14 manticores
  16 elephants
  8 cyclopes
  6 merfolk sirens
  36 black mambas
  3 water nymphs
  Psyche (D:9)
  12 naga magi
  2 ice statues (IceCv)
  A water nymph (shapeshifter) (Vaults:2)
  6 guardian serpents
  14 spiny frogs
  An eye of devastation (Lair:6)
  15 vault sentinels
  An efreet (D:13)
  2 gargoyles
  A kobold demonologist (D:12)
  A rime drake (Lair:4)
  A rime drake (shapeshifter) (Vaults:4)
  38 yaktaurs
  5 komodo dragons
  11 ice devils (IceCv)
  A troll (shapeshifter) (Vaults:3)
  9 freezing wraiths
  2 tengu conjurers (D:15)
  12 trolls
  29 merfolk
  6 wind drakes
  2 hornets
  7 slime creatures
  4 polar bears
  5 blink frogs
  4 dream sheep (Lair:4)
  A hornet (shapeshifter) (D:15)
  11 hippogriffs
  5 snapping turtles
  A spriggan (shapeshifter) (Vaults:4)
  A shadow (D:11)
  2 spriggans
  An air elemental (Elf:1)
  A vampire (D:10)
  4 wyverns
  6 wraiths
  A golden eye (shapeshifter) (Vaults:2)
  10 water elementals
  2 hogs (D:12)
  44 yaks
  A fire elemental (Lair:1)
  5 basilisks
  2 hogs (shapeshifter)
  Grum (D:8)
  2 hungry ghosts (D:14)
  6 wargs
  A soldier ant (D:15)
  67 nagas
  3 acid dragons
  53 orc warriors
  26 water moccasins
  A floating eye (shapeshifter) (Vaults:1)
  10 porcupines
  4 black bears
  2 eyes of draining
  5 sky beasts
  A hornet zombie (D:15)
  7 ice beasts
  A wolf (shapeshifter) (Vaults:1)
  2 phantoms
  A centaur (shapeshifter) (Vaults:4)
  38 ogres
  A boggart (Elf:1)
  18 wolves
  17 centaurs
  7 crocodiles
  19 bullfrogs
  An earth elemental (Elf:1)
  4 big kobolds
  A glowing shapeshifter simulacrum (Vaults:1)
  4 scorpions
  6 killer bees (D:7)
  8 wights
  An electric eel (Lair:2)
  2 howler monkeys
  A lava snake (Lair:1)
  8 crimson imps
  5 hounds
  A quasit (D:13)
  2 centaur zombies
  2 jellies (D:7)
  20 orc wizards
  46 orc priests
  4 centaur skeletons
  2 bullfrog skeletons
  3 hell rats (D:6)
  6 iguanas
  4 worker ants
  A killer bee zombie (D:8)
  A hound skeleton (D:4)
  Robin (D:2)
  A worker ant zombie (D:6)
  7 gnolls
  25 adders
  4 river rats (D:6)
  3 shadow imps
  9 white imps (IceCv)
  8 ufetubi
  2 oozes
  An adder zombie (D:7)
  2 adder skeletons
  5 worms
  A dart slug (D:1)
  3 leopard geckos
  118 orcs
  4 ball pythons
  3 giant cockroaches
  17 goblins
  6 hobgoblins
  10 jackals
  6 quokkas
  A ball python skeleton (D:4)
  9 bats
  9 frilled lizards
  A jackal skeleton (D:7)
  9 kobolds
  A quokka zombie (D:5)
  23 rats
  5 plants
1586 creatures vanquished.

Vanquished Creatures (collateral kills)
  Kirke (D:12)
  A fire giant (Vaults:3)
  2 vault wardens
  A dire elephant (Lair:6)
  A merfolk javelineer (Shoals:4)
  2 merfolk impalers (Shoals:4)
  3 vault guards
  2 two-headed ogres
  A tengu warrior (D:11)
  A naga sharpshooter (Snake:4)
  2 dancing weapons (Elf:2)
  A vampire mage (Vaults:2)
  A sea snake (Shoals:4)
  2 deep elf magi (Elf:1)
  A faun (Shoals:3)
  A naga mage (Snake:4)
  2 yaktaurs
  A komodo dragon (D:11)
  A merfolk (Shoals:4)
  A wind drake (Shoals:4)
  3 yaks (Lair:5)
  2 nagas (Snake:4)
  4 water moccasins (Lair:1)
  An orc warrior (D:9)
  An ice beast (D:11)
  An ogre (D:11)
  A crocodile (Lair:5)
  A scorpion (D:11)
  A quasit (D:11)
43 creatures vanquished.

Vanquished Creatures (others)
  A merfolk aquamancer (Shoals:4)
  A deep elf knight (Elf:3)
  A deep elf mage (Elf:1)
  A naga mage (Snake:4)
  An ice beast (D:5)
  3 slaves (D:5)
  An ogre (Vaults:5)
  An orc wizard (Vaults:4)
  A white imp (IceCv)
  2 ufetubi (IceCv)
  A leopard gecko (D:5)
  A fire vortex (Lair:1)
  11 fungi
  20 plants
  12 tentacles (Shoals:4)
58 creatures vanquished.

Grand Total: 1687 creatures vanquished

Notes
Turn   | Place    | Note
-------+----------+-------------------------------------------
     0 | D:1      | Patate the Gargoyle Berserker began the quest for the Orb.
     0 | D:1      | Reached XP level 1. HP: 14/14 MP: 1/1
   278 | D:1      | Reached XP level 2. HP: 17/20 MP: 2/2
   675 | D:1      | Reached skill level 4 in Fighting
   937 | D:1      | Reached XP level 3. HP: 23/24 MP: 3/3
  1125 | D:1      | Reached ** piety under Trog
  1639 | D:2      | Reached XP level 4. HP: 28/30 MP: 4/4
  1701 | D:2      | Found a hide-covered altar of Uskayaw.
  1804 | D:2      | Noticed Robin
  1856 | D:2      | Killed Robin
  1856 | D:2      | Reached skill level 5 in Fighting
  2139 | D:3      | Found an ancient bone altar of Kikubaaqudgha.
  2287 | D:3      | Reached XP level 5. HP: 20/35 MP: 5/5
  2441 | D:3      | Reached *** piety under Trog
  2755 | D:3      | Reached skill level 6 in Fighting
  2815 | D:3      | Noticed a centaur
  2826 | D:3      | Killed a centaur
  2826 | D:3      | Reached XP level 6. HP: 21/42 MP: 6/6
  3422 | D:3      | Found a runed translucent door.
  3423 | D:3      | Noticed HoaS's ghost (amateur GrGl)
  3781 | D:4      | Reached skill level 7 in Fighting
  3805 | D:4      | Reached skill level 5 in Maces & Flails
  3805 | D:4      | Reached XP level 7. HP: 39/48 MP: 7/7
  4420 | D:5      | Entered Level 5 of the Dungeon
  4553 | D:5      | Reached **** piety under Trog
  4593 | D:5      | Noticed Pikel
  4625 | D:5      | Killed Pikel
  4625 | D:5      | Reached skill level 9 in Fighting
  4625 | D:5      | Reached XP level 8. HP: 39/56 MP: 8/8
  4741 | D:5      | Found an opulent altar of Gozag.
  4803 | D:5      | Found a staircase to the Ecumenical Temple.
  4886 | Temple   | Entered the Ecumenical Temple
  5094 | D:5      | Found a shimmering altar of Xom.
  5256 | D:5      | Reached skill level 10 in Fighting
  5328 | D:5      | Found a stormy altar of Qazlal.
  5453 | D:6      | Reached XP level 9. HP: 35/63 MP: 9/9
  5608 | D:6      | Found a runed translucent door.
  5608 | D:6      | Found a shimmering altar of Xom.
  5608 | D:6      | Noticed Skimidon's ghost (novice MiBe)
  5609 | D:6      | Noticed a +2 short sword of chaos
  5711 | D:6      | Reached ***** piety under Trog
  5882 | D:6      | Found the +2 ratskin cloak {+Rats rPois rN+ Str-1 Int-1
                  | Dex+1}
  6059 | D:6      | Found a snail-covered altar of Cheibriados.
  6199 | D:6      | Reached skill level 11 in Fighting
  6346 | D:6      | Found a sacrificial altar of Ru.
  6504 | D:7      | Found a glowing silver altar of Zin.
  6587 | D:7      | Found a white marble altar of Elyvilon.
  6587 | D:7      | Found a shadowy altar of Dithmenos.
  6699 | D:7      | Found Caeraluc's Magic Scroll Emporium.
  6707 | D:7      | Bought a scroll of identify for 26 gold pieces
  7241 | D:7      | Reached skill level 12 in Fighting
  7623 | D:8      | Received a gift from Trog
  7630 | D:8      | Reached XP level 10. HP: 72/72 MP: 10/10
  7645 | D:8      | Got a dazzling quarterstaff {god gift}
  7651 | D:8      | Identified the +4 quarterstaff of Irritation {flame, rC-
                  | Int+7} (Trog gifted it to you on level 8 of the Dungeon)
  7926 | D:8      | Noticed Grum
  7949 | D:8      | Reached skill level 5 in Armour
  7959 | D:8      | Killed Grum
  7959 | D:8      | Reached skill level 13 in Fighting
  8115 | D:8      | Found Tupeoqe's Assorted Antiques.
  8120 | D:8      | Bought a scroll of identify for 56 gold pieces
  8565 | D:9      | Noticed Psyche
  8573 | D:9      | Killed Psyche
  8681 | D:9      | Found a bloodstained altar of Trog.
  9121 | D:9      | Found an iron altar of Okawaru.
  9389 | D:9      | Found a radiant altar of Vehumet.
  9389 | D:9      | Found a faded altar of an unknown god.
  9394 | D:9      | Found an ornate altar of the Wu Jian Council.
  9396 | D:9      | Found a shimmering blue altar of Sif Muna.
  9397 | D:9      | Found a faded altar of an unknown god.
  9494 | D:10     | Entered Level 10 of the Dungeon
  9692 | D:10     | Noticed an unseen horror
  9701 | D:10     | Killed an unseen horror
  9701 | D:10     | Reached skill level 14 in Fighting
  9725 | D:10     | Reached XP level 11. HP: 68/80 MP: 11/11
  9785 | D:10     | Found a staircase to the Orcish Mines.
 10006 | D:10     | Noticed a two-headed ogre
 10013 | D:10     | Killed a two-headed ogre
 10049 | D:10     | Found a staircase to the Lair.
 10403 | D:10     | Found a roughly hewn altar of Beogh.
 10805 | D:11     | Noticed a tengu warrior
 10806 | D:11     | Killed a tengu warrior
 11050 | Lair:1   | Entered Level 1 of the Lair of Beasts
 11070 | Lair:1   | Reached skill level 15 in Fighting
 11726 | Lair:1   | HP: 4/82 [water moccasin (3)]
 12355 | Lair:1   | Reached skill level 16 in Fighting
 12480 | Lair:1   | Reached XP level 12. HP: 75/88 MP: 12/12
 12712 | Lair:2   | Reached skill level 5 in Dodging
 12779 | Lair:2   | Found a staircase to the Shoals.
 13423 | Lair:2   | Received a gift from Trog
 13991 | Lair:3   | Noticed vogonpoet's ghost (adept SpEn)
 14001 | Lair:3   | Found a transporter.
 14480 | Lair:3   | Found a transporter.
 14482 | Lair:3   | Found a staircase to the Snake Pit.
 14540 | Lair:3   | Reached skill level 17 in Fighting
 16025 | Lair:4   | Noticed an eight-headed hydra
 16043 | Lair:4   | Killed an eight-headed hydra
 16088 | Lair:4   | Reached XP level 13. HP: 43/96 MP: 13/13
 16499 | Lair:4   | You fall into a shaft and drop 2 floors!
 16499 | Lair:6   | Entered Level 6 of the Lair of Beasts
 16499 | Lair:6   | Found a gate leading to a gauntlet.
 17491 | Lair:5   | Reached skill level 18 in Fighting
 18070 | Lair:5   | Reached skill level 10 in Maces & Flails
 18137 | Lair:5   | Noticed Josephine
 18200 | Lair:5   | Received a gift from Trog
 18466 | Lair:5   | Killed Josephine
 19236 | Lair:6   | Reached skill level 19 in Fighting
 19245 | Lair:6   | Found a staircase to the Slime Pits.
 19648 | Lair:6   | Gained mutation: Your large and strong wings let you fly
                  | indefinitely. [Gargoyle growth]
 19648 | Lair:6   | Reached XP level 14. HP: 106/106 MP: 14/14
 20387 | Lair:6   | Received a gift from Trog
 20408 | Lair:6   | Got a crystal dire flail {god gift}
 20408 | Lair:6   | Identified the +6 dire flail of the Dead {flame, *Drain
                  | rC++ Dex+3} (Trog gifted it to you on level 6 of the Lair
                  | of Beasts)
 20845 | Lair:6   | Noticed a dire elephant
 20864 | Lair:6   | Killed a dire elephant
 21191 | Lair:6   | Noticed a dire elephant
 21191 | Lair:6   | Noticed a dire elephant
 21202 | Lair:6   | Killed a dire elephant
 21210 | Lair:6   | Killed a dire elephant
 21353 | Lair:6   | Noticed a dire elephant
 21384 | Lair:6   | Killed a dire elephant
 21503 | Lair:6   | Noticed a dire elephant
 21522 | Lair:6   | Killed a dire elephant
 21720 | Orc:1    | Entered Level 1 of the Orcish Mines
 21813 | D:7      | Bought a scroll of acquirement for 676 gold pieces
 21814 | D:7      | Got the +1 pair of boots of Truth {+Blink}
 22115 | Orc:1    | Found a roughly hewn altar of Beogh.
 22359 | Orc:2    | Entered Level 2 of the Orcish Mines
 22948 | Orc:2    | Reached skill level 20 in Fighting
 23432 | Orc:2    | Found a roughly hewn altar of Beogh.
 23460 | Orc:2    | Found Esunn's Magic Scroll Emporium.
 23551 | Orc:2    | Found Magakeh's Distillery.
 23924 | Orc:2    | Noticed an orc warlord
 23945 | Orc:2    | Killed an orc warlord
 24034 | Orc:2    | Found Xemazu's Antique Weapon Shoppe.
 24568 | Orc:2    | Found a roughly hewn altar of Beogh.
 24606 | Orc:2    | Found Caidaledd's Magic Scroll Shop.
 24966 | Orc:2    | Found a staircase to the Elven Halls.
 25458 | D:11     | Noticed Erica
 25460 | D:11     | Paralysed by Erica for 2 turns
 25472 | D:11     | Killed Erica
 25598 | D:11     | Reached XP level 15. HP: 114/114 MP: 15/15
 25714 | D:11     | Noticed Erolcha
 25720 | D:11     | Killed Erolcha
 25959 | D:11     | Found a portal to a secret trove of treasure.
 26212 | D:12     | Reached skill level 21 in Fighting
 26437 | D:12     | Received a gift from Trog
 27131 | D:12     | Noticed Kirke
 27165 | D:12     | Killed Kirke
 27967 | D:13     | Got the ring of Wauprellos {+Blink rC+ rN+ rCorr}
 28221 | D:13     | Identified the cursed +0 robe "Cix Buuc" {Harm rF- MR+}
 28353 | D:13     | Found a gate to the Vaults.
 28654 | D:13     | Found a runed translucent door.
 29551 | Orc:2    | Bought a scroll of acquirement for 832 gold pieces
 29553 | Orc:2    | Got the amulet "Hatwap" {Acrobat +Inv rN+ Str+3 Slay+3}
 29722 | Snake:1  | Entered Level 1 of the Snake Pit
 30004 | Snake:1  | Found Vyzeva's Weapon Emporium.
 30509 | Snake:1  | Reached skill level 22 in Fighting
 30966 | Snake:1  | Noticed Aizul
 30981 | Snake:1  | Killed Aizul
 31706 | Snake:1  | Reached XP level 16. HP: 100/123 MP: 3/16
 32389 | Snake:2  | Noticed a nagaraja
 32531 | Snake:1  | Killed a nagaraja
 33355 | Snake:2  | Reached skill level 23 in Fighting
 33637 | Snake:3  | Found Gatuted's Book Boutique.
 33654 | Snake:3  | Found Hazxa's Gadget Boutique.
 33686 | Snake:3  | Found Rucis's Jewellery Emporium.
 33694 | Snake:3  | Bought the amulet "Hero's Friend" {MR+ Regen+ Str+3 Dex+2
                  | Slay+2} for 738 gold pieces
 33820 | Snake:3  | Found Sithrahi's Gadget Shop.
 33905 | Snake:3  | Found a runed translucent door.
 33951 | Snake:3  | Noticed Akuuror's ghost (adept GrFi)
 34004 | Snake:3  | Found Rexocacw's Food Shoppe.
 34150 | Snake:3  | Received a gift from Trog
 34335 | Snake:4  | Entered Level 4 of the Snake Pit
 34786 | Snake:4  | Noticed a nagaraja
 34799 | Snake:4  | Reached XP level 17. HP: 84/132 MP: 17/17
 34971 | Snake:4  | Reached skill level 10 in Armour
 34988 | Snake:4  | Reached skill level 24 in Fighting
 35444 | Snake:4  | Got a serpentine rune of Zot
 36089 | Shoals:1 | Entered Level 1 of the Shoals
 36555 | Shoals:1 | Found Bosuen's Armour Emporium.
 37707 | Shoals:3 | Reached XP level 18. HP: 128/140 MP: 18/18
 37731 | Shoals:3 | Reached skill level 25 in Fighting
 37732 | Shoals:3 | Noticed Louise
 37746 | Shoals:3 | Killed Louise
 37763 | Shoals:3 | Noticed Polyphemus
 38028 | Shoals:3 | Received a gift from Trog
 38028 | Shoals:3 | Reached skill level 1 in Throwing
 38055 | Shoals:3 | Killed Polyphemus
 38189 | Shoals:3 | Found a runed translucent door.
 38191 | Shoals:3 | Noticed coffeespoons's ghost (adept GrMo)
 38953 | Shoals:4 | Entered Level 4 of the Shoals
 39064 | Shoals:4 | Got a masterwork battleaxe
 39947 | Shoals:4 | Got a barnacled rune of Zot
 40512 | D:14     | Found a shadowy altar of Dithmenos.
 40573 | D:14     | Found a frozen archway.
 40597 | IceCv    | Entered an ice cave
 41491 | D:15     | Entered Level 15 of the Dungeon
 41524 | D:15     | Reached skill level 5 in Throwing
 41625 | D:15     | Reached skill level 26 in Fighting
 41653 | D:15     | Found a staircase to the Depths.
 41748 | D:15     | Found a transporter.
 41749 | D:15     | Noticed ZLogic's ghost (journeyman SpEn)
 41817 | D:15     | Found a shadowy altar of Dithmenos.
 41825 | D:15     | Found a transporter.
 41833 | D:15     | Identified the ring "Laefy" {Ice Str+8 Int+3 Dex-5}
 42255 | Elf:1    | Entered Level 1 of the Elven Halls
 42289 | Elf:1    | Identified Roxanne's Collected Works on Transmutation
 42289 | Elf:1    | Noticed Roxanne
 42370 | Elf:1    | Killed Roxanne
 42517 | Elf:1    | Reached XP level 19. HP: 145/148 MP: 19/19
 42723 | Elf:1    | Received a gift from Trog
 42978 | Elf:1    | Noticed Frances
 42993 | Elf:1    | Killed Frances
 43070 | Elf:1    | Identified the +10 battleaxe of Analysis {speed, rF- rN+++
                  | MR- Dex+5} (You found it on level 4 of the Shoals)
 43705 | Elf:2    | Found a huge runed translucent gate.
 43705 | Elf:2    | Found a huge runed translucent gate.
 43705 | Elf:2    | Found a huge runed translucent gate.
 43711 | Elf:2    | Found a huge runed translucent gate.
 43714 | Elf:2    | Found a huge runed translucent gate.
 44320 | Elf:2    | Received a gift from Trog
 44764 | Elf:2    | Noticed Jorgrun
 44781 | Elf:2    | Killed Jorgrun
 44813 | Elf:2    | Reached skill level 27 in Fighting
 45018 | Elf:3    | Entered Level 3 of the Elven Halls
 45615 | Vaults:1 | Entered Level 1 of the Vaults
 45615 | Vaults:1 | Found an ornate altar of the Wu Jian Council.
 46274 | Vaults:1 | Reached skill level 10 in Throwing
 46274 | Vaults:1 | Reached XP level 20. HP: 157/157 MP: 20/20
 46277 | Vaults:1 | Reached ****** piety under Trog
 46292 | Vaults:1 | Found Lytasel's Assorted Antiques.
 46810 | Vaults:1 | Paralysed by a floating eye for 3 turns
 47095 | Vaults:1 | Upgraded the game from 0.25.0-10-g039870ee82 to
                  | 0.25.0-11-g1f837a76a1
 48554 | Vaults:2 | Reached skill level 10 in Dodging
 48788 | Vaults:2 | Found a staircase to the Crypt.
 49146 | Vaults:3 | Reached XP level 21. HP: 155/163 MP: 21/21
 49267 | Vaults:3 | Received a gift from Trog
 49270 | Vaults:3 | Identified the +12 great mace of Brawling {vorpal, *Contam
                  | *Corrode +Rage rN+++} (Trog gifted it to you on level 3 of
                  | the Vaults)
 50184 | Vaults:3 | Received a gift from Trog
 50846 | Vaults:4 | Got the ring of Incredulity {rF+ Dex+4}
 51749 | Vaults:4 | Reached XP level 22. HP: 159/169 MP: 22/22
 51892 | Vaults:4 | Found a hide-covered altar of Uskayaw.
 52130 | Vaults:4 | Reached skill level 15 in Throwing
 52292 | Vaults:5 | Entered Level 5 of the Vaults
 52303 | Vaults:4 | Received a gift from Trog
 52642 | Vaults:5 | Noticed an ancient lich
 52659 | Vaults:5 | HP: 4/169 [titan/the air (30)]
 52660 | Vaults:5 | Hit by a large rock thrown by a stone giant

Illustrated notes

Levels and vault maps discovered:
D:1:      scummos_arrival_simple_fountains, layout_loops_corners,
          serial_bayou_pond_d, st_stairs_4, skrybe_limestone_x,
          minmay_octomino_c4
D:2:      layout_rooms, lemuel_crystal_altar, uniq_robin
D:3:      layout_loops_ring, lemuel_zombie_altar_kikubaaqudgha,
          gammafunk_ghost_grave
D:4:      layout_rooms, first_ration
D:5:      layout_basic, lemuel_round_altar, xom_teletrap_fun,
          minmay_temple_entry_proselytizer, minmay_statues_item,
          grunt_ministairs_9, grunt_gozag_breadcrumbs, uniq_pikel
D:6:      wander_guarded_unrand_ratskin, layout_rooms, nicolae_ru_path_of_blood,
          cheibrodos_worm_habitat, ebering_ghost_xom
D:7:      layout_basic, kennysheep_mini_moat, grunt_temple_overflow_open,
          serial_shops, shop
D:8:      layout_loops_ring, serial_shops, shop_fountains, the_bakery,
          chequers_garden, serial_park_tiny_pond, uniq_grum
D:9:      layout_roguey, bloody_trog, chequers_temple_overflow_minitemple,
          minivault_23, grunt_ministairs_2, david_defended_altar_orc,
          uniq_psyche
D:10:     layout_irregular_city, lair_entry_dummy, minmay_orc_entry_temple_small
D:11:     layout_cave_pools, nicolae_trove_entry_diagonal, uniq_erolcha,
          uniq_erica
D:12:     layout_layer_cave, uniq_kirke
D:13:     layout_layer_cave, david_vaults_1, wad_hexagon
D:14:     layout_long_grid, grunt_dithmenos_smoke,
          portal_ice_cave_entry_pillars_2, minmay_circle_x
D:15:     hangedman_depths_entry_civil_slaughter, layout_basic,
          gammafunk_ghost_arena, basic_altar
Temple:   compressed_dpeg_triangle_lava_temple
Lair:1:   lemuel_reptile_caves, layout_gridlike
Lair:2:   dpeg_oklob_shooting_range, layout_gridlike, shoals_dummy_entry
Lair:3:   layout_cave_pods, dummy_snake_entry, gammafunk_ghost_arena,
          serial_bayou_pond_c, grunt_forest_stairs_clearing
Lair:4:   layout_regular_city
Lair:5:   layout_regular_city, grunt_megastairs_4, infiniplex_staircase_pool,
          uniq_josephine
Lair:6:   due_jungle_book, layout_regular_city, minmay_slime_entry_eyes,
          gauntlet_entry_generic
Shoals:1: layout_shoals, serial_shops, nicolae_shop_waterfront
Shoals:2: layout_shoals
Shoals:3: layout_shoals, ebering_ghost_inner_flame, uniq_polyphemus, uniq_louise
Shoals:4: shoals_end_grunt_ice, layout_shoals
Snake:1:  layout_onion_interference, serial_shops, shop_statue, uniq_aizul
Snake:2:  layout_misc_corridors, st_stairs_9, nicolae_snake_shapes
Snake:3:  layout_rooms, gammafunk_ghost_grave, serial_shops, shop, shop, shop,
          shop, shop, grunt_megastairs_3
Snake:4:  johnstein_snake_rune_scales, layout_cave_pods, special_room
Orc:1:    layout_diamond_mine, minmay_orc_temple_a
Orc:2:    pubby_orc_utopia, serial_shops
Elf:1:    layout_loops_ring, hangedman_elf_disciples, uniq_roxanne, uniq_frances
Elf:2:    layout_gridlike, uniq_jorgrun
Elf:3:    minmay_elf_hall_dome, layout_geoelf_diagonals, serial_shops,
          statue_bzr, minmay_shop_grove
Vaults:1: vaults_mumra_hexcomb, v_misc_4, hangedman_vaults_slice,
          hangedman_vaults_cutoff, serial_ice_h, nicolae_vaults_network_s,
          grunt_vaults_hallway_short, layout_vaults_quadrants, serial_shops,
          nicolae_shop_crystal, basic_altar
Vaults:2: v_rooms_4, dpeg_vaults_monster_doublerow, hangedman_vaults_nodes,
          v_misc_19, minmay_crypt_entry_simple_plaza, hangedman_vaults_stagger,
          v_misc_30, vaults_dpeg_hooks, layout_vaults_chaotic_city, serial_glass
Vaults:3: vaults_dpeg_cross, v_misc_10, vaults_dpeg_diagonal, v_pattern_3,
          v_misc_23, v_alt_pattern_3, v_misc_1, st_star,
          hangedman_vaults_stream, nicolae_vaults_asterisk,
          nicolae_vaults_circle_grid_a, nicolae_vaults_network_square,
          nicolae_vaults_shelves_hall, layout_vaults_maze_snakey
Vaults:4: hangedman_vaults_corner_blocks, vaults_mumra_chevron,
          vaults_room_octagon, v_pattern_5, nicolae_vaults_border_crossing,
          v_rooms_6, hangedman_vaults_snaps, vaults_standard_mumra_x,
          nicolae_vaults_circle_grid_a, nicolae_vaults_alarming,
          layout_vaults_omnibox, basic_altar,
          portal_desolation_entry_twin_temple
Vaults:5: uniq_frederick

Skill      XL: |  1  2  3  4  5  6  7  8  9 10 11 12 13 14 15 16 17 18 19 20 21 22 |
---------------+-------------------------------------------------------------------+-----
Fighting       | 4 5 6 7 9 10 12 14 16 17 19 20 22 23 24 26 27 | 27.0
Maces & Flails | 4 5 6 7 9 10 12 13 14 | 14.0
Armour         | 4 6 7 9 11 12 | 12.2
Dodging        | 4 6 7 10 12 | 12.0
Throwing       | 5 10 12 14 15 | 15.9

Action                   |  1- 3 |  4- 6 |  7- 9 | 10-12 | 13-15 | 16-18 | 19-21 | 22-24 || total
-------------------------+-------+-------+-------+-------+-------+-------+-------+-------++-------
Melee: Mace              |   128 |   254 |    97 |       |       |       |       |       ||   479
       Whip              |       |       |   353 |  1174 |   654 |       |       |       ||  2181
       Dire flail        |       |       |       |       |  1061 |  1445 |  1483 |   226 ||  4215
       Unarmed           |       |       |       |       |     8 |       |       |       ||     8
Throw: Boomerang         |       |       |       |    15 |   101 |   123 |    43 |       ||   282
       Javelin           |       |       |       |       |       |    16 |    37 |     9 ||    62
Invok: Trog's Hand       |       |     3 |       |    10 |    23 |    10 |    16 |     4 ||    66
       Brothers in Arms  |       |       |       |     5 |     7 |     6 |     8 |     2 ||    28
       Berserk           |       |       |       |       |     1 |       |       |       ||     1
 Abil: Fly               |       |       |       |       |     1 |       |       |       ||     1
       Stop Flying       |       |       |       |       |     1 |       |       |       ||     1
  Use: Scroll            |     1 |     3 |     8 |     9 |    19 |    12 |     6 |     3 ||    61
       Potion            |       |       |       |       |     4 |       |     1 |     1 ||     6
 Stab: Sleeping          |     1 |       |       |       |       |       |       |       ||     1
       Distracted        |       |       |       |       |       |     1 |     2 |     1 ||     4
       Invisible         |       |       |       |       |       |       |       |     3 ||     3
  Eat: Chunk             |     2 |     9 |    11 |    25 |    40 |    25 |    32 |     6 ||   150
       Ration            |       |       |     1 |     2 |     7 |     5 |     2 |       ||    17
Armor: Animal skin       |    47 |    59 |       |       |       |       |       |       ||   106
       Leather armour    |       |    38 |   102 |     1 |       |       |       |       ||   141
       Chain mail        |       |       |       |   501 |   306 |       |       |       ||   807
       Plate armour      |       |       |       |       |   526 |   989 |   819 |   236 ||  2570
Dodge: Dodged            |    85 |   172 |   175 |   444 |   913 |   725 |   704 |   174 ||  3392
Block: Kite shield       |    40 |   175 |   159 |   483 |   246 |       |       |       ||  1103
